 Dungeon Crawl Stone Soup version 0.19.5 (webtiles) character file.

195 epen the Insei (level 5, -5/38 HPs)
             Began as a Demonspawn Transmuter on July 29, 2017.
             Killed by divine providence
             ... invoked by an orc priest
              (9 damage)
             ... on level 3 of the Dungeon.
             The game lasted 00:04:47 (2971 turns).

epen the Insei (Demonspawn Transmuter)              Turns: 2971, Time: 00:04:48

Health: -5/38      AC:  4    Str: 11    XL:     5   Next: 45%
Magic:  5/9        EV: 13    Int: 15    God:
Gold:   136        SH:  0    Dex: 13    Spells: 2 memorised, 6 levels left

rFire  . . .     SeeInvis .       - Unarmed
rCold  . . .     Gourm    .     b - +0 robe
rNeg   . . .     Faith    .     (no shield)
rPois  .         Spirit   .     (helmet restricted)
rElec  .         Reflect  .     (no cloak)
rCorr  .         Harm     .     (no gloves)
MR     .....                    (no boots)
Stlth  +.........               (no amulet)
                                (no ring)
                                (no ring)

@: no status effects
A: horns 1, icy blue scales 1
a: no special abilities


You were on level 3 of the Dungeon.
You were hungry.

You visited 1 branch of the dungeon, and saw 3 of its levels.

You collected 136 gold pieces.

Inventory:

Missiles
 a - 48 arrows
 l - a throwing net (quivered)
Armour
 b - a +0 robe (worn)
Jewellery
 t - an uncursed ring of wizardry {unknown}
Scrolls
 f - a scroll of noise {unknown}
 h - 4 scrolls of identify
 i - a scroll of teleportation {unknown}
 j - 2 scrolls of remove curse {unknown}
 k - a scroll of magic mapping {unknown}
 n - a scroll of random uselessness {unknown}
 r - a scroll of amnesia {unknown}
Potions
 e - a potion of curing
 g - a potion of degeneration
 o - a potion of mutation {unknown}
 s - a potion of cure mutation {unknown}
 u - a potion of heal wounds {unknown}
Books
 c - a book of Changes

   Spells                             Type                      Level
   a - Beastly Appendage              Transmutation                1
   b - Sticks to Snakes               Transmutation                2
   c - Spider Form                    Transmutation/Poison         3
   d - Ice Form                       Ice/Transmutation            4
   e - Blade Hands                    Transmutation                5
Comestibles
 d - 2 bread rations
 m - 4 fruits
 p - 5 chunks of flesh
 q - a slice of pizza


   Skills:
 + Level 2.0 Fighting
 + Level 2.4 Dodging
 * Level 4.0 Unarmed Combat
 + Level 2.7 Spellcasting
 + Level 2.8 Transmutations


You had 6 spell levels left.
You knew the following spells:

 Your Spells              Type           Power        Failure   Level  Hunger
a - Beastly Appendage     Tmut           ##....       8%          1    #......
b - Sticks to Snakes      Tmut           ##......     12%         2    ##.....


Dungeon Overview and Level Annotations

Branches:
Dungeon (3/15)

Altars:
Dithmenos
Sif Muna
Uskayaw
The Shining One


Innate Abilities, Weirdness & Mutations

You have a pair of small horns on your head.
You are partially covered in icy blue scales. (AC +2)


Message History

You feel better. The orc wizard casts a spell at you.
The puff of frost hits you!
* * * LOW HITPOINT WARNING * * *
Casting: Sticks to Snakes
Confirm with . or Enter, or press ? or * to list all spells.
You create a snake!
You now have 49 arrows.
You are feeling hungry.
The orc wizard looks satisfied for a moment.
You hit the plant but do no damage.
You headbutt the plant, but do no damage.
The orc priest hits your ball python with a club!
Your ball python dies!
Casting: Sticks to Snakes
Confirm with . or Enter, or press ? or * to list all spells.
You create a snake!
You now have 48 arrows.
The orc wizard looks braver for a moment.
The orc priest calls down the wrath of Beogh upon you.
Beogh smites you!
You die...

...♣#...#.♣##^#
#.... ♣.........♣>..
#.### ♣♣P♣.._..PP#.#
# ###
♣♣.........P#.# #..
..P..#..?#P♣P.# #.#
♣.♣.......♣..# #.#
♣.P8.o#oP.$P# #.#
.♣.[....).P♣♣ #.#
♣.♣...@PS÷♣P.# #.#.#
P ♣P.....P♣ .# #....
♣♣♣♣♣..♣..♣♣ # ###.#
♣§♣§.P.P..♣.P.♣ #.#
♣......♣P..P.♣ #.#
§§♣♣♣♣..PPP♣.♣# #.#
♣..♣♣.P♣P.P### #.#
♣♣P..♣♣♣♣♣P#.# #.#
♣P..♣.P.♣..sP#######
#.#


You could see an orc priest, an orc wizard and a friendly adder.

Vanquished Creatures
  Natasha (twice) (D:2)
  3 adders
  An ooze (D:2)
  A worm (D:2)
  2 dart slugs
  4 orcs (D:3)
  6 bats
  3 giant cockroaches (D:1)
  7 goblins
  3 hobgoblins
  9 jackals
  4 quokkas
  3 frilled lizards
  8 kobolds
  7 rats
63 creatures vanquished.

Vanquished Creatures (collateral kills)
  Ijyb (D:2)
  Natasha (D:2)
  An adder (D:2)
  2 orcs (D:3)
  A goblin (D:2)
  A jackal (D:1)
  A kobold (D:2)
  A bat (D:2)
  A frilled lizard (D:3)
  A rat (D:2)
11 creatures vanquished.

Vanquished Creatures (others)
  A plant (D:3)
1 creature vanquished.

Grand Total: 75 creatures vanquished

Notes
Turn   | Place    | Note
-------+----------+-------------------------------------------
     0 | D:1      | epen the Demonspawn Transmuter began the quest for the Orb.
     0 | D:1      | Reached XP level 1. HP: 15/15 MP: 3/3
   498 | D:1      | Gained mutation: You are partially covered in icy blue scales. (AC +2) [demonic ancestry]
   498 | D:1      | Reached XP level 2. HP: 15/21 MP: 5/5
   656 | D:1      | Reached skill level 3 in Unarmed Combat
   672 | D:1      | Learned a level 2 spell: Sticks to Snakes
   772 | D:1      | Gained mutation: You have a pair of small horns on your head. [demonic ancestry]
   772 | D:1      | Reached XP level 3. HP: 23/26 MP: 6/6
   980 | D:2      | Found a faded altar of an unknown god.
   980 | D:2      | Noticed Natasha
   988 | D:2      | Killed Natasha
  1234 | D:2      | Reached XP level 4. HP: 28/33 MP: 3/7
  1330 | D:2      | Noticed Natasha
  1341 | D:2      | Killed Natasha
  1569 | D:2      | Noticed Natasha
  1579 | D:2      | Killed Natasha
  1610 | D:2      | HP: 1/33 [jackal (2)]
  2095 | D:2      | Reached XP level 5. HP: 28/38 MP: 3/9
  2159 | D:2      | Noticed Ijyb
  2170 | D:2      | Killed Ijyb
  2363 | D:2      | Found a hide-covered altar of Uskayaw.
  2363 | D:2      | Found a glowing golden altar of the Shining One.
  2603 | D:3      | Found a shadowy altar of Dithmenos.
  2835 | D:3      | Found a deep blue altar of Sif Muna.
  2963 | D:3      | Reached skill level 4 in Unarmed Combat
  2971 | D:3      | Killed from afar by an orc priest

Skill      XL: |  1  2  3  4  5 |
---------------+----------------+-----
Dodging        | 2 |  2.4
Transmutations | 2 |  2.8
Unarmed Combat | 3 4 |  4.0
Fighting       | 2 |  2.0
Spellcasting   | |  2.7

Action                   |  1- 3 |  4- 6 || total
-------------------------+-------+-------++-------
Melee: Unarmed           |   155 |   158 ||   313
       Punch             |     3 |     1 ||     4
       Kick              |     5 |     2 ||     7
       Headbutt          |     7 |    20 ||    27
 Cast: Beastly Appendage |     2 |     2 ||     4
       Sticks to Snakes  |     4 |    18 ||    22
  Use: Potion            |       |     3 ||     3
       Scroll            |       |     1 ||     1
 Stab: Sleeping          |     2 |       ||     2
       Distracted        |     1 |       ||     1
  Eat: Chunk             |     1 |     7 ||     8
Armor: Robe              |    57 |    45 ||   102
Dodge: Dodged            |   125 |   135 ||   260
